 Dungeon Crawl Stone Soup version 0.17-a0-1421-g95311d7 (webtiles) character file.

4473 ryw the Arsonist (level 10, 0/50 HPs)
             Began as a Deep Elf Fire Elementalist on June 25, 2015.
             Was a Priest of Sif Muna.
             Succumbed to poison (a potion of poison)
             ... on level 9 of the Dungeon on July 1, 2015.
             The game lasted 00:44:59 (12318 turns).

ryw the Arsonist (Deep Elf Fire Elementalist)      Turns: 12318, Time: 00:44:59

Health: 0/50       AC:  4    Str: 14      XL:     10   Next: 15%
Magic:  21/25      EV: 17    Int: 23      God:    Sif Muna [***...]
Gold:   217        SH:  0    Dex: 14 (15) Spells: 5 memorised, 12 levels left

rFire  + . .     SeeInvis .     b - +0 blowgun
rCold  . . .     Clarity  .     p - +1 robe
rNeg   . . .     SustAt   .     (no shield)
rPois  .         Gourm    .     (helmet restricted)
rElec  .         Spirit   .     F - +0 cloak
rCorr  .         Warding  .     (no gloves)
rMut   .         Stasis   .     (no boots)
MR     +....                    (no amulet)
Stlth  ++........               f - ring of protection from fire
                                o - +3 ring of strength

@: mighty, lethally poisoned (0 -> -51), somewhat resistant to hostile
enchantments, unstealthy
A: horns 1
a: Channel Energy, Forget Spell, Renounce Religion


You were on level 9 of the Dungeon.
You worshipped Sif Muna.
Sif Muna was most pleased with you.
You were not hungry.

You visited 2 branches of the dungeon, and saw 10 of its levels.

You collected 371 gold pieces.
You spent 154 gold pieces at shops.

Inventory:

Hand weapons
 a - a +1 dagger of speed
 b - a +0 blowgun (weapon)
 n - a +1 dagger of venom
 x - a cursed -3 dagger
 I - a +0 vampiric spear
 Q - a +0 hand crossbow
 V - a +2 falchion of protection
 W - a +0 shortbow
 X - a +1 whip of venom
 Z - a +2 vampiric trident
Missiles
 d - 368 stones
 i - 21 bolts of frost
 j - 12 curare-tipped needles
 z - 19 poisoned needles (quivered)
Armour
 p - a +1 robe (worn)
 F - a +0 cloak (worn)
 M - a cursed +0 helmet
 R - a fire dragon hide
 T - a +1 hat
Jewellery
 f - a ring of protection from fire (right hand)
 o - a +3 ring of strength (left hand)
 s - an uncursed ring of positive energy
 u - an uncursed ring of protection from magic {unknown}
 y - an uncursed amulet of the gourmand {unknown}
 H - a cursed ring of loudness {unknown}
 O - an uncursed ring of ice {unknown}
 P - an uncursed ring of flight {unknown}
 U - an uncursed ring of protection from magic {unknown}
 Y - a +3 ring of protection {unknown}
Scrolls
 h - 4 scrolls of remove curse
 v - 3 scrolls of enchant weapon
 B - 2 scrolls of blinking {unknown}
 J - a scroll of recharging {unknown}
 S - a scroll of fog {unknown}
Potions
 e - a potion of haste
 k - a potion of might
 l - a potion of curing {unknown}
 r - a potion of cancellation
 t - 2 potions of beneficial mutation
 w - 2 potions of agility {unknown}
 A - a potion of flight {unknown}
 E - a potion of resistance {unknown}
 L - a potion of poison
 N - a potion of mutation {unknown}
Books
 G - a book of Flames

   Spells                             Type                      Level
   a - Flame Tongue                   Conjuration/Fire             1
   b - Throw Flame                    Conjuration/Fire             2
   c - Conjure Flame                  Conjuration/Fire             3
   d - Inner Flame                    Hexes/Fire                   3
   e - Sticky Flame                   Conjuration/Fire             4
   f - Fireball                       Conjuration/Fire             5
Comestibles
 c - 8 bread rations
 g - 3 meat rations
 m - 9 slices of pizza
 C - 4 fruits
 D - 3 chunks of flesh
 K - 2 beef jerkies


   Skills:
 + Level 8.6 Dodging
 - Level 2.4 Stealth
 + Level 9.2 Spellcasting
 + Level 7.5 Conjurations
 * Level 10.4 Fire Magic


You had 12 spell levels left.
You knew the following spells:

 Your Spells              Type           Power        Failure   Level  Hunger
a - Flame Tongue          Conj/Fire      #####        1%          1    None
b - Throw Flame           Conj/Fire      ######       1%          2    None
c - Conjure Flame         Conj/Fire      ######..     1%          3    None
d - Sticky Flame          Conj/Fire      ######..     1%          4    ##.....
e - Fireball              Conj/Fire      ######....   6%          5    ####...


Dungeon Overview and Level Annotations

Branches:
Dungeon (9/15)             Temple (1/1) D:5             Orc (0/4) D:9
   Lair: D:8-11

Altars:
Ashenzari
Cheibriados
Dithmenos
Elyvilon
Fedhas
Gozag
Kikubaaqudgha
Makhleb
Nemelex Xobeh
Okawaru
Qazlal
Ru
Sif Muna
Trog
Vehumet
Xom
Yredelemnul
Zin
The Shining One

Shops:
D:9 [

Annotations:
D:8 Joseph


Innate Abilities, Weirdness & Mutations

You have a pair of small horns on your head.


Message History

The spider bites you but does no damage.
The spider bites you.
* * * LOW HITPOINT WARNING * * *
The spider misses you. The spider bites you.
* * * LOW HITPOINT WARNING * * *
The spider bites you.
* * * LOW HITPOINT WARNING * * *
The spider barely misses you. The spider misses you.
The spider completely misses you. The spider barely misses you.
The spider barely misses you. The spider misses you. The spider bites you.
* * * LOW HITPOINT WARNING * * *
The spider closely misses you. The spider misses you.
Unknown command.
Read which item? (? for menu, Esc to quit)
Okay, then.
Unknown command.
Drink which item? (? for menu, Esc to quit)
It was a potion of poison.
That liquid tasted very nasty...
You are more poisoned.
You die... .........................# ####..#########..######### # #..# #..# # #..# #..# # #..# #..# # #..# #..## # #..# #...# # #..# #sss#

# #..# #s@s#
####..#########sss########
.........................#
.........................#
###############..#########
# #..# # #..# # #..# #
#..#


You could see 8 spiders.

Vanquished Creatures
  3 hungry ghosts (D:9)
  A human (D:8)
  A wyvern (D:8)
  An ice beast (D:9)
  3 sky beasts
  2 black bears
  5 orc warriors
  2 phantoms (D:9)
  3 centaurs
  5 ogres
  A wasp (D:7)
  2 big kobolds (D:7)
  A crocodile (D:7)
  4 giant frogs
  2 scorpions (D:4)
  A jelly (D:5)
  A quasit (D:9)
  A centaur zombie (D:6)
  6 orc wizards
  A centaur skeleton (D:7)
  8 orc priests
  3 hounds
  4 iguanas
  Jessica (D:3)
  4 worker ants
  4 sheep (D:8)
  A hound skeleton (D:5)
  8 adders
  6 gnolls
  A shadow imp (D:6)
  An adder zombie (D:7)
  6 worms
  2 adder skeletons (D:4)
  5 giant geckos
  63 orcs
  2 ball pythons
  7 bats
  A bat skeleton (D:7)
  A giant cockroach (D:4)
  14 hobgoblins
  7 jackals
  20 kobolds
  4 quokkas
  4 giant newts
  11 goblins
  3 quokka skeletons
  13 rats
250 creatures vanquished.

Notes
Turn   | Place    | Note
--------------------------------------------------------------
     0 | D:1      | ryw the Deep Elf Fire Elementalist began the quest for the Orb.
     0 | D:1      | Reached XP level 1. HP: 10/10 MP: 6/6
   307 | D:1      | Reached XP level 2. HP: 15/15 MP: 4/8
   458 | D:1      | Learned a level 2 spell: Throw Flame
  1100 | D:2      | Found a sacrificial altar of Ru.
  1171 | D:2      | Reached XP level 3. HP: 12/19 MP: 2/10
  1387 | D:2      | Found a stormy altar of Qazlal.
  1428 | D:2      | Learned a level 3 spell: Conjure Flame
  2443 | D:3      | Found an opulent altar of Gozag.
  2785 | D:3      | Reached XP level 4. HP: 24/24 MP: 8/11
  3013 | D:3      | Reached skill level 4 in Spellcasting
  3038 | D:3      | Learned a level 4 spell: Sticky Flame
  3281 | D:3      | Found an ancient bone altar of Kikubaaqudgha.
  3296 | D:3      | Noticed Jessica
  3301 | D:3      | Killed Jessica
  3595 | D:4      | Found an iron altar of Okawaru.
  3680 | D:4      | Noticed a phantom
  3784 | D:4      | Reached XP level 5. HP: 11/28 MP: 1/13
  4086 | D:4      | Noticed a phantom
  4089 | D:5      | Entered Level 5 of the Dungeon
  4410 | D:4      | Reached skill level 5 in Spellcasting
  4410 | D:4      | Reached XP level 6. HP: 32/32 MP: 9/15
  4583 | D:4      | Learned a level 5 spell: Fireball
  4937 | D:5      | Found a staircase to the Ecumenical Temple.
  4943 | Temple   | Entered the Ecumenical Temple
  5274 | D:5      | Reached skill level 5 in Fire Magic
  5371 | D:5      | Found a shimmering altar of Xom.
  5376 | D:5      | Noticed a centaur
  5380 | D:5      | Killed a centaur
  5380 | D:5      | Reached XP level 7. HP: 21/36 MP: 8/17
  5504 | D:5      | Found a shadowy altar of Dithmenos.
  5515 | D:5      | Noticed a sky beast
  5527 | D:5      | Killed a sky beast
  5527 | D:5      | Reached skill level 5 in Dodging
  5883 | D:5      | Reached skill level 6 in Spellcasting
  5977 | D:5      | Found a stormy altar of Qazlal.
  6278 | D:6      | Found a white marble altar of Elyvilon.
  6399 | D:6      | Reached skill level 5 in Conjurations
  6475 | D:6      | Found a sacrificial altar of Ru.
  6837 | D:6      | Found a deep blue altar of Sif Muna.
  6845 | D:6      | Became a worshipper of Sif Muna the Loreminder
  6891 | D:6      | Found a radiant altar of Vehumet.
  7022 | D:6      | Reached XP level 8. HP: 41/41 MP: 16/19
  7169 | D:6      | Found an iron altar of Okawaru.
  7390 | D:7      | Reached skill level 7 in Fire Magic
  7539 | D:7      | Acquired Sif Muna's first power
  7994 | D:7      | Reached skill level 8 in Fire Magic
  8175 | D:7      | Reached XP level 9. HP: 45/45 MP: 20/22
  8349 | D:7      | Found a glowing golden altar of the Shining One.
  8962 | D:8      | Acquired Sif Muna's second power
  9139 | D:8      | Noticed Joseph
  9629 | D:8      | Reached skill level 9 in Fire Magic
 10661 | D:9      | Found a staircase to the Orcish Mines.
 11034 | D:9      | Noticed a moth of wrath
 11037 | D:9      | Found a bloodstained altar of Trog.
 11288 | D:8      | Reached skill level 10 in Fire Magic
 11468 | D:9      | Found a sparkling altar of Nemelex Xobeh.
 11474 | D:9      | Reached XP level 10. HP: 45/50 MP: 17/25
 11533 | D:9      | Found a bloodstained altar of Trog.
 11593 | D:9      | Gained mutation: You have a pair of small horns on your head. [potion of beneficial mutation]
 12245 | D:9      | Found Sientel's Armour Boutique.
 12255 | D:9      | Bought a +1 hat for 154 gold pieces
 12318 | D:9      | Succumbed to poison (a potion of poison)

Vault maps used:
D:1:      dpeg_arrival_short_road
D:2:      old_standard_altar, nicolae_ru_awakened_eye
D:3:      kiku_gazebo_garden_becter, nicolae_overflow_crystal_walls,
          uniq_jessica
D:4:      first_bread, okawaru_trees_2
D:5:      grunt_dithmenos_smoke, lemuel_doored_altar, minmay_temple_entry_fiery,
          grunt_qazlal_sundering
D:6:      lemuel_blue_sif_altar, kennysheep_mini_moat, elyvilon_altar_5,
          old_standard_altar, basic_altar
D:7:      lemuel_crystal_altar
D:8:      dk_noncrumbling_4, grunt_livestock, uniq_joseph
D:9:      tgw_trog, nemelex_deck, david_orc_4, serial_shops, shop, basic_altar,
          spider_trap
Temple:   circular_temple_6

Action                   |  1- 3 |  4- 6 |  7- 9 | 10-12 || total
-------------------------+-------+-------+-------+-------++-------
Melee: Unarmed           |     1 |       |       |       ||     1
       Dagger            |    44 |    40 |    67 |       ||   151
       Blowgun           |       |       |       |     1 ||     1
 Fire: Blowgun           |       |       |   188 |    13 ||   201
Throw: Stone             |     2 |     9 |       |       ||    11
 Cast: Flame Tongue      |    53 |    97 |   262 |    29 ||   441
       Throw Flame       |     4 |    13 |     5 |       ||    22
       Sticky Flame      |       |     1 |    19 |    14 ||    34
       Conjure Flame     |       |       |     2 |       ||     2
       Fireball          |       |       |     4 |       ||     4
Invok: Channel Energy    |       |       |     1 |       ||     1
  Use: Scroll            |     5 |     6 |     1 |     1 ||    13
       Potion            |       |     1 |     2 |     4 ||     7
 Stab: Sleeping          |     3 |       |    18 |     1 ||    22
       Distracted        |     2 |       |     5 |       ||     7
  Eat: Chunk             |     4 |    10 |    11 |     4 ||    29
       Fruit             |       |       |     1 |     1 ||     2
       Meat ration       |       |       |     1 |       ||     1
       Bread ration      |       |       |     1 |       ||     1
       Pizza             |       |       |     1 |       ||     1
       Beef jerky        |       |       |     1 |       ||     1
